 Dungeon Crawl Stone Soup version 0.29.1-2-gbd0b4ee654 (webtiles) character file.

Game seed: 610088166162058295

228 concernfroge the Trooper (level 5, -5/47 HPs)
             Began as a Mummy Monk on Nov 26, 2022.
             Slain by an iguana (11 damage)
             ... on level 5 of the Dungeon.
             The game lasted 00:05:52 (2755 turns).

concernfroge the Trooper (Mummy Monk)               Turns: 2755, Time: 00:05:53

Health: -5/47      AC: 10    Str: 16    XL:     5   Next: 71%
Magic:  5/5        EV:  5    Int:  9    God:
Gold:   193        SH:  0    Dex: 15    Spells: 4/4 levels left

rFire   . . .      SeeInvis .   o - +0 trident
rCold   . . .      Faith    .   (no shield)
rNeg    + + +      Spirit   .   d - +0 plate armour
rPois   ∞          Reflect  .   (no helmet)
rElec   .          Harm     .   (no cloak)
rCorr   .          Rampage  .   (no gloves)
Will    .....                   (no boots)
Stlth   ..........              (no amulet)
HPRegen 0.15/turn               f - ring of fire
MPRegen 0.09/turn               l - ring of flight

@: flying
A: cold resistance 1, negative energy resistance 3, torment resistance 2, heat
vulnerability 1, in touch with death 1, no potions
a: no special abilities


You were on level 5 of the Dungeon.
You visited 1 branch of the dungeon, and saw 5 of its levels.

You collected 193 gold pieces.

Inventory:

Hand Weapons
 g - a +0 war axe
 o - a +0 trident (weapon)
Missiles
 c - 2 boomerangs (quivered)
 h - 3 poisoned darts
 m - 2 throwing nets
Armour
 d - a +0 plate armour (worn)
Jewellery
 f - a ring of fire (left hand)
 i - a ring of ice
 l - a ring of flight (right hand)
Scrolls
 a - a scroll of poison
 b - a scroll of vulnerability
 e - 3 scrolls of fear
 j - 2 scrolls of fog
 k - 2 scrolls of blinking
 n - a scroll of amnesia {unknown}


   Skills:
 + Level 6.5 Fighting
 - Level 2.4 Polearms
 - Level 2.4 Dodging
 - Level 1.5 Stealth


You had 4 spell levels left.
You didn't know any spells.
Your spell library contained the following spells:

 Spells                   Type           Power      Damage    Failure   Level
 Poisonous Vapours        Pois/Air       0%         N/A       100%        2
 Corpse Rot               Necr/Pois/Air  0%         N/A       100%        4


Dungeon Overview and Level Annotations

Branches:
Dungeon (6/15)
 Temple: D:4-7

Altars:
Wu Jian

Portals:
Abyss: D:6

Annotations:
D:6 1 transporter, superradish's ghost, amateur DrMo


Innate Abilities, Weirdness & Mutations

You are immune to poison.
Your flesh is cold resistant. (rC+)
You are immune to negative energy. (rN+++)
You are immune to unholy pain and torment.
You are vulnerable to heat. (rF-)
You are in touch with the powers of death.
You do not drink.


Message History

No reachable target in view!
You reach to attack!
You hit the iguana.
The iguana is lightly wounded.
You barely miss the iguana.
The iguana is lightly wounded.
The iguana bites you but does no damage.
You hit the iguana.
The iguana is heavily wounded.
The iguana bites you but does no damage.
You hit the iguana but do no damage.
The iguana is heavily wounded.
The iguana bites you. The iguana closely misses you.
You hit the iguana but do no damage.
The iguana is heavily wounded.
The iguana bites you.
You hit the iguana.
The iguana is almost dead.
The iguana bites you.
You hit the iguana.
The iguana is almost dead.
The iguana bites you!
You barely miss the iguana.
The iguana is almost dead.
The iguana bites you!
You are too injured to fight recklessly!
You are too injured to fight recklessly!
You are too injured to fight recklessly!
You barely miss the iguana.
The iguana is almost dead.
The iguana bites you.
* * * LOW HITPOINT WARNING * * *
The iguana bites you.
* * * LOW HITPOINT WARNING * * *
You barely miss the iguana.
The iguana is almost dead.
The iguana barely misses you.
You barely miss the iguana.
The iguana is almost dead.
The iguana bites you!
You die...

.# #.# ##.### # ....# .#
#######.#.####.#
..............#
#..l###...####
####.#@#?#.#....###
#......#.#.........
#..#.........#.##
.......##.##.....#######
...###.#...#.###........
.#.#!.)..).....#.#..####
...###.#...#.###........
.......##.##.....##)####
.#..#.........#..##.####


You could see an iguana.

Vanquished Creatures
  An ice beast (D:2)
  A hound (D:6)
  2 gnolls (D:1)
  2 adders
  8 dart slugs (D:3)
  3 orcs
  3 ball pythons
  5 bats
  2 endoplasms
  10 giant cockroaches
  2 goblins (D:1)
  4 hobgoblins
  A kobold (D:2)
  4 quokkas
  2 frilled lizards (D:2)
  4 rats
54 creatures vanquished.

Notes
Turn   | Place    | Note
-------+----------+-------------------------------------------
     0 | D:1      | concernfroge the Mummy Monk began the quest for the Orb.
     0 | D:1      | Reached XP level 1. HP: 18/18 MP: 1/1
   181 | D:1      | Reached XP level 2. HP: 13/25 MP: 2/2
   453 | D:1      | Reached skill level 4 in Fighting
   466 | D:1      | Gained mutation: You are in touch with the powers of death.
                  | [Mummy growth]
   466 | D:1      | Reached XP level 3. HP: 17/30 MP: 3/3
  1621 | D:2      | Found a faded altar of an unknown god.
  1875 | D:2      | Found an ornate altar of the Wu Jian Council.
  2058 | D:3      | Reached XP level 4. HP: 35/38 MP: 4/4
  2063 | D:3      | Reached skill level 5 in Fighting
  2114 | D:3      | Noticed an ice beast
  2168 | D:2      | Killed an ice beast
  2169 | D:2      | Reached skill level 6 in Fighting
  2169 | D:2      | Reached XP level 5. HP: 4/46 MP: 5/5
  2544 | D:3      | You are sucked into a shaft and drop 3 floors!
  2609 | D:6      | Found a transporter.
  2612 | D:6      | Noticed superradish's ghost (amateur DrMo)
  2613 | D:6      | Found a one-way gate to the infinite horrors of the Abyss.
  2622 | D:5      | Entered Level 5 of the Dungeon
  2755 | D:5      | Slain by an iguana

Illustrated notes

Levels and vault maps discovered:
D:1:      ncdulo_halloftheorcs, layout_basic, nrook_uturn
D:2:      layout_basic, basic_altar, hellmonk_ecumenical_altar_lost_god,
          minmay_worlds_worst_comb
D:3:      kennysheep_slugbush, layout_rooms
D:5:      layout_basic, grunt_decor_junction, minmay_fractal_squares_5
D:6:      layout_loops_cross, serial_shops, shop, gammafunk_ghost_abyssal_escape

Skill      XL: |  1  2  3  4 |
---------------+-------------+-----
Fighting       | 4 6 |  6.5
Polearms       | |  2.4
Dodging        | |  2.4
Stealth        | |  1.5

Action                   |  1- 3 |  4- 6 || total
-------------------------+-------+-------++-------
Melee: Spear             |    94 |       ||    94
       War axe           |    50 |    55 ||   105
       Punch             |     3 |     1 ||     4
       Trident           |       |    11 ||    11
Throw: Boomerang         |     1 |       ||     1
  Use: Scroll            |       |     5 ||     5
 Stab: Sleeping          |     1 |       ||     1
Armor: Plate armour      |    86 |    49 ||   135
Dodge: Dodged            |    37 |    16 ||    53
